AoeStats
← El chamo pirámide

Black Forest

510200841Analyzed
4v4 RM · 1d ago on Sep 29, 2026· 84m 38s· 8 players
Game mode
Random Map
Map size
Large (8 player)
Population
200
Speed
Normal
Resources
Standard
Victory
Conquest
Starting age
Dark Age
Ending age
Imperial Age
RankedLock teamsTeams togetherTeam positionsShared explorationLock speedFull tech treeHidden civsTurbo modeCheats
Victory
Defeat
🇺🇸 Khmer · United States
1138
+14
🇩🇪 Magyars · Germany
1078
+17
🇬🇧 Wu · United Kingdom
1069
+17
🇻🇪 Poles · Venezuela
1058
+18
🇬🇹 Byzantines · Guatemala
1108
-17
🇵🇪 Turks · Peru
1104
-17
🇧🇷 Spanish · Brazil
1093
-16
🇵🇪 Vietnamese · Peru
1079
-16
Jaffeth15
7:24 Loom
12:03 Feudal Age
16:15 Castle Age
14:09 Double-Bit Axe
14:07 Horse Collar
22:11 Heavy Plow
28:28 Wheelbarrow
29:31 Fletching
33:29 Imperial Age
32:41 Bow Saw
33:15 Hand Cart
33:08 Scale Barding Armor
33:14 Forging
33:25 Husbandry
36:14 Crop Rotation
35:07 Cavalier
36:11 Chain Barding Armor
37:23 Two-Man Saw
37:22 Iron Casting
36:47 Gold Mining
36:48 Stone Mining
36:49 Light Cavalry
38:09 Conscription
38:31 Plate Barding Armor
38:34 Hussar
40:21 Paladin
45:00 Gold Shaft Mining
45:01 Stone Shaft Mining
45:00 Bodkin Arrow
46:42 Treadmill Crane
47:02 Murder Holes
47:11 Onager
48:12 Heavy Camel Rider
53:37 Caravan
54:08 Coinage
53:49 Guilds
58:20 Banking
72:07 Capped Ram
73:06 Siege Ram
PERSEUS
2:07 Loom
5:14 Loom
10:49 Feudal Age
16:12 Castle Age
15:42 Stone Mining
16:02 Double-Bit Axe
16:16 Gold Mining
28:26 Double-Bit Axe
28:23 Horse Collar
31:24 Wheelbarrow
34:05 Imperial Age
34:12 Imperial Age
31:30 Town Watch
34:13 Gold Shaft Mining
33:57 Bow Saw
34:22 Hand Cart
34:44 Heavy Plow
36:17 Two-Man Saw
37:01 Padded Archer Armor
39:10 Artillery
39:37 Treadmill Crane
40:40 Bombard Tower
42:08 Forging
42:03 Scale Barding Armor
44:46 Iron Casting
44:31 Chain Barding Armor
45:04 Masonry
45:38 Bloodlines
45:28 Husbandry
48:38 Architecture
49:10 Blast Furnace
48:45 Plate Barding Armor
49:42 Plate Barding Armor
50:19 Conscription
55:30 Caravan
56:00 Coinage
72:06 Heavy Camel Rider
® SEILERT ®™
1:00 Loom
17:00 Feudal Age
21:33 Castle Age
20:09 Double-Bit Axe
23:30 Squires
25:49 Pikeman
30:33 Bow Saw
32:06 Fletching
35:46 Wheelbarrow
38:21 Imperial Age
37:33 Husbandry
37:47 Bloodlines
39:26 Conscription
39:58 Hand Cart
39:44 Cavalier
44:10 Chemistry
43:31 Ballistics
46:23 Elite Conquistador
47:21 Halberdier
48:57 Scale Mail Armor
49:08 Forging
54:54 Chain Mail Armor
55:15 Iron Casting
59:14 Plate Mail Armor
59:45 Blast Furnace
59:18 Scale Barding Armor
59:32 Light Cavalry
60:28 Hussar
61:23 Caravan
64:56 Two-Man Saw
68:41 Chain Barding Armor
Dylan-23
1:17 Loom
11:08 Feudal Age
17:09 Castle Age
20:24 Double-Bit Axe
23:12 Horse Collar
25:53 Fletching
26:03 Padded Archer Armor
27:21 Bodkin Arrow
27:41 Leather Archer Armor
29:13 Gold Mining
29:14 Stone Mining
29:35 Bow Saw
29:29 Heavy Plow
30:16 Ballistics
30:33 Town Watch
31:23 Wheelbarrow
35:24 Imperial Age
34:14 Squires
34:30 Forging
34:21 Scale Mail Armor
36:15 Iron Casting
37:18 Chemistry
37:36 Siege Engineers
37:39 Elite Rattan Archer
40:52 Two-Man Saw
40:24 Crop Rotation
40:18 Paper Money
39:42 Elite Fire Lancer
40:39 Chain Mail Armor
40:26 Bracer
40:56 Ring Archer Armor
42:10 Elite Battle Elephant
42:50 Husbandry
42:58 Scale Barding Armor
43:46 Masonry
43:51 Bloodlines
46:04 Chain Barding Armor
46:04 Chatras
47:44 Plate Barding Armor
49:08 Treadmill Crane
79:00 Hand Cart
Zizzle4879
8:20 Loom
8:29 Loom
9:17 Loom
11:57 Feudal Age
12:31 Man-at-Arms
12:57 Arson
14:42 Forging
15:45 Horse Collar
20:59 Castle Age
19:48 Double-Bit Axe
21:05 Scale Barding Armor
25:27 Gold Mining
28:01 Heavy Plow
28:03 Stone Mining
28:29 Bow Saw
29:45 Town Watch
30:43 Wheelbarrow
31:59 Pikeman
37:34 Gold Shaft Mining
39:37 Imperial Age
39:19 Ballistics
39:45 Heavy Scorpion
40:59 Chain Barding Armor
41:16 Iron Casting
40:11 Elite Battle Elephant
40:52 Husbandry
41:04 Bloodlines
42:44 Caravan
46:52 Conscription
46:34 Double Crossbow
49:32 Plate Barding Armor
48:31 Light Cavalry
50:02 Hussar
53:04 Siege Engineers
79:39 Tusk Swords
El chamo pirámide
0:27 Loom
12:26 Feudal Age
23:52 Castle Age
22:52 Fletching
29:40 Horse Collar
31:44 Wheelbarrow
35:54 Hand Cart
36:30 Scale Barding Armor
36:36 Forging
36:27 Scale Mail Armor
36:23 Bodkin Arrow
40:12 Imperial Age
37:23 Elite Skirmisher
42:11 Iron Casting
44:32 Padded Archer Armor
44:35 Bracer
45:10 Fortified Wall
45:11 Masonry
45:06 Siege Engineers
46:02 Murder Holes
49:19 Chemistry
48:41 Ballistics
50:44 Blast Furnace
52:17 Conscription
52:47 Treadmill Crane
58:33 Chain Barding Armor
58:29 Chain Mail Armor
60:48 Double-Bit Axe
61:05 Heavy Plow
61:58 Caravan
61:46 Capped Ram
64:37 Plate Mail Armor
64:40 Crop Rotation
64:17 Gold Mining
64:18 Stone Mining
67:01 Elite Obuch
68:30 Hoardings
68:18 Siege Ram
71:04 Arson
71:20 Squires
71:51 Pikeman
House of Bebu
11:44 Feudal Age
12:45 Loom
15:39 Castle Age
13:34 Double-Bit Axe
13:32 Horse Collar
17:14 Bow Saw
17:36 Heavy Plow
22:08 Wheelbarrow
24:05 Wheelbarrow
25:26 Hand Cart
27:34 Gold Mining
27:35 Stone Mining
30:39 Imperial Age
30:11 Gold Shaft Mining
30:14 Stone Shaft Mining
30:38 Town Watch
32:42 Two-Man Saw
33:00 Chemistry
31:56 Murder Holes
31:28 Elite Fire Archer
32:29 Conscription
32:21 Fletching
32:32 Padded Archer Armor
32:49 Guilds
32:40 Caravan
33:09 Town Patrol
33:16 Bodkin Arrow
34:05 Ballistics
33:26 Treadmill Crane
34:12 Leather Archer Armor
34:07 Forging
33:58 Scale Mail Armor
34:26 Bracer
36:31 Iron Casting
36:12 Chain Mail Armor
37:07 Red Cliffs Tactics
38:33 Blast Furnace
38:04 Plate Mail Armor
37:53 Sitting Tiger
38:46 Masonry
52:40 Man-at-Arms
53:20 Squires
53:06 Arson
61:08 Pikeman
62:22 Halberdier
66:35 Long Swordsman
71:15 Two-Handed Swordsman
72:56 Champion
85:10 Architecture
Fresh Dumbledore
10:34 Feudal Age
14:50 Castle Age
14:15 Stone Mining
14:14 Double-Bit Axe
16:16 Bow Saw
17:59 Horse Collar
26:47 Scale Barding Armor
26:47 Husbandry
26:58 Bloodlines
34:06 Imperial Age
32:17 Wheelbarrow
34:27 Hand Cart
36:05 Corvinian Army
36:27 Gold Mining
38:26 Chain Barding Armor
43:54 Elite Magyar Huszar
46:04 Plate Barding Armor
52:42 Heavy Plow
53:51 Two-Man Saw
54:38 Crop Rotation
68:03 Light Cavalry
72:41 Hussar
Connection lost

Rejoining the realm…

Still unreachable

The connection could not be restored.

Session expired

The server has moved on; the page needs a fresh start.